 Dungeon Crawl Stone Soup version 0.27.0-1-g7a089689b8 (webtiles) character file.

Game seed: 9092572573959728738

273 DocSulfur the Caller (level 5, -17/38 HPs)
             Began as a Demigod Summoner on Aug 4, 2021.
             Demolished by an ogre (35 damage)
             ... on level 5 of the Dungeon.
             The game lasted 00:09:34 (4887 turns).

DocSulfur the Caller (Demigod Summoner)             Turns: 4887, Time: 00:09:34

Health: -17/38     AC:  4    Str:  9    XL:     5   Next: 71%
Magic:  7/14       EV: 12    Int: 21    God:
Gold:   248        SH:  0    Dex: 14    Spells: 5/11 levels left

rFire    . . .     SeeInvis .   o - +0 falchion
rCold    . . .     Faith    .   (no shield)
rNeg     . . .     Spirit   .   a - +0 robe
rPois    .         Reflect  .   s - +0 helmet
rElec    .         Harm     .   (no cloak)
rCorr    .         Rampage  .   j - +0 pair of gloves
Will     .....                  (no boots)
Stlth    ++........             (no amulet)
HPRegen  0.12/turn              (no ring)
MPRegen  0.14/turn              (no ring)

@: no status effects
A: high mp 1, forlorn
a: no special abilities


You were on level 5 of the Dungeon.
You visited 1 branch of the dungeon, and saw 5 of its levels.

You collected 248 gold pieces.

Inventory:

Hand Weapons
 m - a +1 dagger of speed
 o - a +0 falchion (weapon)
 q - a +0 hunting sling
Missiles
 b - 158 stones
 h - 8 sling bullets
 t - 8 curare-tipped darts (quivered)
Armour
 a - a +0 robe (worn)
 j - a +0 pair of gloves (worn)
 l - a +0 kite shield
 s - a +0 helmet (worn)
Jewellery
 g - a +4 ring of protection
Scrolls
 c - 4 scrolls of teleportation
Potions
 d - 2 potions of ambrosia
 f - a potion of flight
 i - a potion of invisibility {unknown}
 k - a potion of attraction {unknown}
 n - a potion of heal wounds {unknown}
 p - a potion of brilliance {unknown}
 r - 2 potions of mutation


   Skills:
 - Level 1.7 Dodging
 - Level 1.7 Stealth
 + Level 3.9 Spellcasting
 + Level 5.3 Summonings


You had 5 spell levels left.
You knew the following spells:

 Your Spells              Type           Power      Damage    Failure   Level
a - Summon Small Mammal   Summ           100%       N/A       1%          1
b - Call Imp              Summ           26%        N/A       1%          2
c - Call Canine Familiar  Summ           26%        N/A       4%          3

Your spell library contained the following spells:

 Spells                   Type           Power      Damage    Failure   Level
 Animate Skeleton         Necr           8%         N/A       12%         1
 Pain                     Necr           16%        1d4       12%         1
 Summon Guardian Golem    Hex/Summ       15%        N/A       12%         3
 Vampiric Draining        Necr           2%         2d6       36%         3
 Summon Lightning Spire   Summ/Air       15%        N/A       36%         4


Dungeon Overview and Level Annotations

Branches:
Dungeon (5/15)
 Temple: D:4-7

Annotations:
D:3 3 runed translucent doors, Majang's ghost, amateur DjIE; brob1's ghost, amateur DjFE


Innate Abilities, Weirdness & Mutations

Your attributes grow dramatically as you level up.
You have an increased reservoir of magic. (+10% MP)
You shall have no god before yourself.


Message History

Casting: Call Imp (safe; 1% risk of failure)
Confirm with . or Enter, or press ? or * to list all spells.
A beastly little devil appears in a puff of frigid air.
Your crimson imp blinks!
Casting: Call Imp (safe; 1% risk of failure)
Confirm with . or Enter, or press ? or * to list all spells.
A beastly little devil appears in a puff of flame.
Casting: Call Imp (safe; 1% risk of failure)
Confirm with . or Enter, or press ? or * to list all spells.
The ogre misses your crimson imp.
Your crimson imp blinks!
Casting: Summon Small Mammal (safe; 1% risk of failure)
Confirm with . or Enter, or press ? or * to list all spells.
The ogre hits your white imp with a +0 giant spiked club.
Your white imp hits the ogre.
Your white imp freezes the ogre.
Your crimson imp blinks!
Your white imp gestures at the ogre.
The puff of frost hits the ogre!
Your crimson imp blinks!
The ogre hits your white imp with a +0 giant spiked club!!
Your white imp dies!
You strike the helpless ogre from behind!
You hit the ogre.
The ogre is severely wounded.
The ogre hits you with a +0 giant spiked club!!
Ouch! That really hurt!
Your rat bites the ogre.
Your crimson imp barely misses the ogre.
You barely miss the ogre.
The ogre is severely wounded.
The ogre barely misses you.
Your crimson imp blinks!
Your rat bites the ogre but does no damage.
Unknown command.
You hit the ogre but do no damage.
The ogre is severely wounded.
Your rat bites the ogre. x2
The ogre hits you with a +0 giant spiked club!!
Ouch! That really hurt!
You die...

#.# #.# ### ...
..# #.# #.# #.#
#.# #.###.## ###
#.##.r.#5...
#.#..rO.#
#....@ยง.#
##......# #.#....#
##+# #'####.# .
.......#..# .##...
.......#..##......
###+###'.!'..##
+.#..#..####
#.#..##.....


You could see an ogre (ally target), a friendly crimson imp (summoned) and 2
friendly rats.

Vanquished Creatures
  2 adders (D:3)
  A worm (D:2)
  2 dart slugs
  2 orcs (D:3)
  7 endoplasms
  A giant cockroach (D:2)
  5 goblins
  3 hobgoblins
  A kobold (D:2)
  2 quokkas
  3 bats
  4 frilled lizards
  3 rats
36 creatures vanquished.

Vanquished Creatures (collateral kills)
  A necrophage (D:4)
  An ogre (D:3)
  A bullfrog (D:3)
  Terence (D:3)
  Robin (D:4)
  3 adders
  A worm (D:2)
  2 orcs (D:3)
  10 goblins
  4 hobgoblins
  A quokka (D:4)
  3 rats
29 creatures vanquished.

Vanquished Creatures (others)
  An adder (D:3)
  6 withered plants (D:3)
7 creatures vanquished.

Grand Total: 72 creatures vanquished

Notes
Turn   | Place    | Note
-------+----------+-------------------------------------------
     0 | D:1      | DocSulfur the Demigod Summoner began the quest for the Orb.
     0 | D:1      | Reached XP level 1. HP: 14/14 MP: 5/5
  1141 | D:2      | Reached XP level 2. HP: 13/20 MP: 4/7
  1436 | D:2      | Learned a level 2 spell: Call Imp
  1596 | D:2      | Reached skill level 4 in Summonings
  2446 | D:2      | Reached XP level 3. HP: 16/26 MP: 6/9
  3209 | D:3      | Found a runed translucent gate.
  3210 | D:3      | Found a runed translucent gate.
  3210 | D:3      | Found a runed translucent gate.
  3211 | D:3      | Noticed brob1's ghost (amateur DjFE)
  3211 | D:3      | Noticed Majang's ghost (amateur DjIE)
  3225 | D:3      | Noticed a bullfrog
  3235 | D:3      | Killed a bullfrog
  3236 | D:3      | Reached XP level 4. HP: 24/33 MP: 5/11
  3715 | D:3      | Noticed Terence
  3721 | D:3      | Noticed an ogre
  3733 | D:3      | Killed Terence
  3748 | D:3      | Killed an ogre
  3749 | D:3      | Reached skill level 5 in Summonings
  3749 | D:3      | Reached XP level 5. HP: 38/38 MP: 1/13
  4074 | D:4      | Learned a level 3 spell: Call Canine Familiar
  4076 | D:4      | Noticed Robin
  4088 | D:4      | Killed Robin
  4289 | D:4      | Noticed a necrophage
  4302 | D:4      | Killed a necrophage
  4839 | D:5      | Entered Level 5 of the Dungeon
  4877 | D:5      | Noticed an ogre
  4887 | D:5      | Demolished by an ogre

Illustrated notes

Levels and vault maps discovered:
D:1:      grunt_arrival_lava_bath, layout_loops_ring,
          ebering_ecumenical_altar_hall
D:2:      layout_loops_corners, minmay_bisected
D:3:      layout_basic, gammafunk_ghost_cemetery, uniq_terence
D:4:      layout_cave_pools, nemelex_spade_bored_becter, uniq_robin
D:5:      layout_loops_ring, nicolae_sif_muna_little_library,
          kennysheep_mini_moat, mainiacjoe_overflow_24_doors, uniq_sigmund

Skill      XL: |  1  2  3  4 |
---------------+-------------+-----
Spellcasting   | 2 3 |  3.9
Summonings     | 4 5 |  5.3
Dodging        | |  1.7
Stealth        | |  1.7

Action                   |  1- 3 |  4- 6 || total
-------------------------+-------+-------++-------
Melee: Unarmed           |    23 |       ||    23
       Dagger            |     9 |       ||     9
       Falchion          |    71 |    43 ||   114
 Fire: Hunting sling     |    10 |       ||    10
Throw: Dart              |     5 |       ||     5
 Cast: Summon Small Mamm |    40 |    18 ||    58
       Call Imp          |     3 |     9 ||    12
       Call Canine Famil |       |     1 ||     1
  Use: Potion            |     1 |       ||     1
       Scroll            |       |     7 ||     7
 Stab: Sleeping          |     5 |     2 ||     7
       Distracted        |     1 |     2 ||     3
Armor: Robe              |    24 |     8 ||    32
Dodge: Dodged            |    66 |    27 ||    93
       Rpst.: Falchion   |    16 |     6 ||    22
